 Dungeon Crawl Stone Soup version 0.29-a0-207-gf982a884d8 (webtiles) character file.

Game seed: 614617723420464752

371 Zeldest the Shooter (level 6, 0/38 HPs)
             Began as a Tengu Hunter on Feb 23, 2022.
             Succumbed to an adder's poison
             ... in a sewer.
             The game lasted 00:07:07 (3750 turns).

Zeldest the Shooter (Tengu Hunter)                  Turns: 3750, Time: 00:07:07

Health: 0/38       AC:  3    Str: 12 (13) XL:     6   Next: 70%
Magic:  7/7        EV: 15    Int: 10 (11) God:
Gold:   298        SH:  0    Dex: 13 (16) Spells: 5/5 levels left

rFire   . . .      SeeInvis .   a - +1 shortbow
rCold   . . .      Faith    .   (shield currently unavailable)
rNeg    . . .      Spirit   .   j - +0 leather armour
rPois   .          Reflect  .   (helmet restricted)
rElec   .          Harm     .   (no cloak)
rCorr   .          Rampage  .   (no gloves)
Will    .....                   (boots unavailable)
Stlth   +.........              (no amulet)
HPRegen 0.12/turn               (no ring)
MPRegen 0.10/turn               (no ring)

@: mighty, lethally poisoned (0 -> -1), on berserk cooldown, attractive, flying
quickly and evasively, quick
A: beak, talons 3, nimble flight
a: no special abilities


You were in a sewer.
You visited 1 branch of the dungeon, and saw 4 of its levels.
You also visited: Sewer.

You collected 298 gold pieces.

Inventory:

Hand Weapons
 a - a +1 shortbow (weapon)
 b - a +2 dagger of venom
Armour
 j - a +0 leather armour (worn)
Jewellery
 g - a ring of fire
 s - a ring of fire
Wands
 o - a wand of digging (6)
Scrolls
 d - a scroll of teleportation
 e - a scroll of immolation
 n - 3 scrolls of identify
 q - 2 scrolls of holy word


   Skills:
 + Level 4.1 Fighting
 + Level 1.7 Short Blades
 + Level 6.0 Bows
 + Level 4.4 Dodging
 - Level 1.0 Stealth


You had 5 spell levels left.
You didn't know any spells.
Your spell library contained the following spells:

 Spells                   Type           Power      Damage    Failure   Level
 Fireball                 Conj/Fire      0%         3d3       100%        5
 Starburst                Conj/Fire      0%         6d3       100%        6
 Ignition                 Fire           0%         3d3       100%        8


Dungeon Overview and Level Annotations

Branches:
Dungeon (4/15)              Sewer (1/1)
 Temple: D:4-7

Altars:
Ashenzari
Elyvilon
Fedhas
Nemelex Xobeh
Uskayaw

Annotations:
D:3 1 runed translucent door, bande's ghost, amateur GrFi


Innate Abilities, Weirdness & Mutations

You have a beak for a mouth.
You have claws for feet.
Your magical nature lets you fly swiftly and evasively.


Message History

You feel very sick.
The malarious merfolk avatar chants its luring song.
The adder bites you.
Your surroundings suddenly seem different.
You are no longer entranced.
You feel very sick.
Do you really want to go berserk while wielding your +1 shortbow?
A red film seems to cover your vision as you go berserk!
You feel yourself moving faster!
You feel mighty!
You feel very sick.
You feel a strong urge to attack something.
You feel sick.
You feel sick.
You feel your anger nearly subside.
You feel sick.
You are no longer berserk.
You are exhausted.
You feel yourself slow down.
* * * LOW HITPOINT WARNING * * *
You feel sick.
* * * LOW HITPOINT WARNING * * *
You feel sick.
It was a potion of degeneration.
There was something very wrong with that liquid.
You feel weakened.
You feel dopey.
You feel clumsy.
* * * LOW HITPOINT WARNING * * *
You feel sick.
It was a potion of cancellation.
Your magical effects are unravelling.
You feel magically purged.
You feel yourself speed up.
* * * LOW HITPOINT WARNING * * *
You feel sick.
It was a potion of might.
You feel very mighty all of a sudden.
* * * LOW HITPOINT WARNING * * *
You feel sick.
It was a potion of attraction.
You feel attractive to monsters.
You die...

###### #..... ####### #.##≈†
#≈≈≈†.## #### #†#≈≈≈
#≈≈≈≈.####..#############≈≈≈##
#..≈≈≈.≈≈..≈..≈÷≈≈≈≈≈≈≈≈≈≈≈≈#
#†..≈≈≈≈≈≈≈≈≈@≈≈≈≈≈##########
#.####################
#†##.......†...≈≈≈≈∩∩#
#..#..≈########.≈≈≈###
#....≈≈# ##.≈## ######## ####


There were no monsters in sight!

Vanquished Creatures
  Ijyb (D:3)
  An iguana (D:4)
  A merfolk siren (Sewer)
  A hound skeleton (D:4)
  Robin (D:2)
  4 gnolls
  5 river rats
  6 adders
  An adder skeleton (D:4)
  2 worms
  3 dart slugs
  An orc (D:4)
  11 ball pythons
  6 endoplasms
  4 giant cockroaches
  8 hobgoblins
  6 jackals
  3 quokkas (Sewer)
  7 bats
  5 frilled lizards
  15 goblins
  9 kobolds
  31 rats
132 creatures vanquished.

Vanquished Creatures (others)
  A quokka (D:4)
  5 plants (D:1)
  2 withered plants (D:3)
8 creatures vanquished.

Grand Total: 140 creatures vanquished

Notes
Turn   | Place    | Note
-------+----------+-------------------------------------------
     0 | D:1      | Zeldest the Tengu Hunter began the quest for the Orb.
     0 | D:1      | Reached XP level 1. HP: 12/12 MP: 2/2
   159 | D:1      | Reached XP level 2. HP: 17/17 MP: 3/3
   256 | D:1      | Found a faded altar of an unknown god.
   467 | D:1      | Reached XP level 3. HP: 22/22 MP: 4/4
   583 | D:2      | Noticed Robin
   818 | D:2      | Reached skill level 5 in Bows
   822 | D:2      | Reached XP level 4. HP: 18/27 MP: 5/5
  1251 | D:2      | Killed Robin
  1676 | D:3      | Noticed Ijyb
  1701 | D:3      | Killed Ijyb
  1702 | D:3      | Gained mutation: Your magical nature lets you fly swiftly
                  | and evasively. [Tengu growth]
  1702 | D:3      | Reached XP level 5. HP: 13/32 MP: 6/6
  2144 | D:3      | Found a runed translucent door.
  2145 | D:3      | Noticed bande's ghost (amateur GrFi)
  2907 | D:4      | Found a hide-covered altar of Uskayaw.
  3006 | D:4      | Reached XP level 6. HP: 38/38 MP: 7/7
  3016 | D:4      | Found a sparkling altar of Nemelex Xobeh.
  3016 | D:4      | Found a broken altar of Ashenzari.
  3018 | D:4      | Found a blossoming altar of Fedhas.
  3249 | D:4      | Found a white marble altar of Elyvilon.
  3352 | D:4      | Reached skill level 1 in Short Blades
  3396 | D:4      | Found a glowing drain.
  3410 | Sewer    | Entered a sewer
  3516 | Sewer    | Reached skill level 6 in Bows
  3748 | Sewer    | HP: 1/38 [poisoned by an adder]
  3750 | Sewer    | Succumbed to an adder's poison

Illustrated notes

Levels and vault maps discovered:
D:1:      amcnicky_arrival_choice, layout_rooms, basic_ecumenical_altar,
          chequers_serial_rivers_micro_e, nicolae_grassy_gnolls
D:2:      layout_basic, eino_tiny_chamber, uniq_robin
D:3:      layout_rooms, gammafunk_ghost_grave, uniq_ijyb
D:4:      layout_layer_cave, kennysheep_mini_moat, zin_statuary,
          elyvilon_altar_4, minitemple, gup_sewer_entry_bubbles
Sewer:    sewer_sea

Skill      XL: |  1  2  3  4  5  6 |
---------------+-------------------+-----
Dodging        | 3 4 |  4.4
Bows           | 5 6 |  6.0
Fighting       | 3 4 |  4.1
Short Blades   | 1 |  1.7
Stealth        | |  1.0

Action                   |  1- 3 |  4- 6 || total
-------------------------+-------+-------++-------
Melee: Dagger            |       |     9 ||     9
       Kick              |       |     2 ||     2
 Fire: Shortbow          |    77 |   250 ||   327
Evoke: Wand              |       |     2 ||     2
  Use: Scroll            |       |     7 ||     7
       Potion            |       |     8 ||     8
Armor: Leather armour    |     7 |    23 ||    30
Dodge: Dodged            |    19 |   142 ||   161

Table legend: (Time is in decaauts)
 A = Elapsed time spent in this place.
 B = Non-inter-level travel time spent in this place.
 C = Inter-level travel time spent in this place.
 D = Time resting spent in this place.
 E = Time spent auto-exploring this place.
 F = Levels seen in this place.
 G = Mean time per level.
                   A        B        C        D        E       F      G
               +--------+--------+--------+--------+--------+-----+--------+
         Total |   3734 |   3606 |    128 |   1111 |   1578 |   5 |  746.8 |
       Dungeon |   3387 |   3259 |    128 |    990 |   1531 |   4 |  846.8 |
         Sewer |    346 |    346 |      0 |    121 |     46 |   1 |  346.0 |
               +--------+--------+--------+--------+--------+-----+--------+

Top non-repeatable levels by time:
     D:2: 1144 daAuts
     D:1: 876 daAuts
     D:3: 826 daAuts
     D:4: 540 daAuts
   Sewer: 346 daAuts
